 Dungeon Crawl Stone Soup version 0.17.0-56-gd8de76c (console) character file.

37 Kloppie the Chiller (level 3, -1/26 HPs)
             Began as a Draconian Ice Elementalist on Dec 5, 2015.
             Slain by Robin
             ... wielding a +2 falchion of freezing
              (7 damage)
             ... on level 2 of the Dungeon.
             The game lasted 00:04:06 (1822 turns).

Kloppie the Chiller (Draconian Ice Elementalist)    Turns: 1822, Time: 00:04:06

Health: -1/26      AC:  8    Str: 10    XL:     3   Next: 23%
Magic:  0/7        EV: 12    Int: 16    God:
Gold:   122        SH:  0    Dex: 11    Spells: 3 memorised, 1 level left

rFire  . . .     SeeInvis .     p - +0 whip
rCold  . . .     Clarity  .     (armour unavailable)
rNeg   . . .     SustAt   .     (no shield)
rPois  .         Gourm    .     (helmet restricted)
rElec  .         Spirit   .     o - +2 cloak
rCorr  .         Warding  .     (no gloves)
rMut   .         Stasis   .     (no boots)
MR     .....                    (no amulet)
Stlth  ++........               (no ring)
                                (no ring)

@: slowed, very slow, not resistant to hostile enchantments, unstealthy
A: unfitting armour, cold-blooded, AC +5
a: no special abilities


You were on level 2 of the Dungeon.
You were not hungry.

You visited 1 branch of the dungeon, and saw 2 of its levels.

You collected 122 gold pieces.

Inventory:

Hand Weapons
 d - a +0 dagger
 p - a +0 whip (weapon)
Armour
 o - a +2 cloak (worn)
Scrolls
 c - 2 scrolls of identify {unknown}
 i - a scroll of enchant armour {unknown}
 j - a scroll of immolation {unknown}
 k - 3 scrolls of enchant weapon {unknown}
 l - a scroll of teleportation {unknown}
 m - a scroll of fog {unknown}
 q - a scroll of random uselessness {unknown}
 s - a scroll of remove curse {unknown}
Potions
 e - a potion of haste {unknown}
 g - a potion of ambrosia {unknown}
 h - a potion of flight {unknown}
 n - a potion of mutation {unknown}
 r - a potion of agility {unknown}
Books
 a - a book of Frost

   Spells                             Type                      Level
   a - Freeze                         Ice                          1
   b - Throw Frost                    Conjuration/Ice              2
   c - Ozocubu's Armour               Charms/Ice                   3
   d - Throw Icicle                   Conjuration/Ice              4
   e - Summon Ice Beast               Ice/Summoning                4
   f - Condensation Shield            Ice                          4
Comestibles
 b - a bread ration
 f - a slice of pizza
 t - 8 chunks of flesh


   Skills:
 - Level 1.7 Dodging
 - Level 1.7 Stealth
 + Level 2.9 Spellcasting
 - Level 1.0 Conjurations
 + Level 3.6 Ice Magic


You had one spell level left.
You knew the following spells:

 Your Spells              Type           Power        Failure   Level  Hunger
a - Freeze                Ice            ##..         6%          1    #......
b - Ozocubu's Armour      Chrm/Ice       #.......     28%         3    ###....
c - Throw Frost           Conj/Ice       #.....       12%         2    ##.....


Dungeon Overview and Level Annotations

Branches:
Dungeon (2/15)

Altars:
Qazlal

Annotations:
D:2 Robin


Innate Abilities, Weirdness & Mutations

Your plain brown scales are hard (AC +5).
Your body does not fit into most forms of armour.
You are cold-blooded and may be slowed by cold attacks.


Message History

Confirm with . or Enter, or press ? or * to list all spells.
Aiming: Freeze
Press: ? - help, Shift-Dir - straight line, f/p - Robin
Aim: Robin, wielding a falchion of freezing, wearing an animal skin and wearing a helmet (severely wounded)
You freeze Robin.
Robin is almost dead.
You feel yourself speed up.
Robin hits you with a falchion of freezing.
* * * LOW HITPOINT WARNING * * *
Robin freezes you.
* * * LOW HITPOINT WARNING * * *
You feel yourself slow down.
Robin says, "Duck!"
Robin hits you with a falchion of freezing.
* * * LOW HITPOINT WARNING * * *
Robin freezes you.
* * * LOW HITPOINT WARNING * * *
You feel as though you will be slow longer.
Robin hits you with a falchion of freezing!
You die...

#############.#
#....<........#
#######.#############
#............... #####
#..###..#.##.### .....
#..# #..#.# #..#
#..#.##.##
###########..###.........
...............g@(.....#
###########..###.##.##.#
#..##...#.....
#..#.†...###.#
#.........# #
#............
############...(..[.###
#..).........#.....##
#.#############......


You could see Robin.

Vanquished Creatures
  A worm (D:2)
  A giant gecko (D:1)
  3 bats
  2 giant cockroaches (D:1)
  7 hobgoblins
  A ball python (D:1)
  3 giant newts
  10 goblins
  2 kobolds (D:1)
  2 rats (D:1)
32 creatures vanquished.

Notes
Turn   | Place    | Note
--------------------------------------------------------------
     0 | D:1      | Kloppie the Draconian Ice Elementalist began the quest for the Orb.
     0 | D:1      | Reached XP level 1. HP: 14/14 MP: 3/3
   592 | D:1      | Reached XP level 2. HP: 18/20 MP: 1/5
  1416 | D:2      | Found a stormy altar of Qazlal.
  1715 | D:2      | Reached XP level 3. HP: 26/26 MP: 5/7
  1739 | D:2      | Learned a level 3 spell: Ozocubu's Armour
  1742 | D:2      | Learned a level 2 spell: Throw Frost
  1794 | D:2      | Noticed Robin
  1822 | D:2      | Slain by Robin

Action                   || total
-------------------------++-------
Melee: Dagger            ||    20
       Whip              ||     1
 Cast: Freeze            ||    47
  Eat: Chunk             ||     3
